 Dungeon Crawl Stone Soup version 0.28-a0-1395-g4f6bc678fa (webtiles) character file.

Game seed: 11356933919899964966

669 rocketpapaya the Cleaver (level 7, -4/57 HPs)
             Began as a Hill Orc Fighter on Jan 5, 2022.
             Was an Initiate of Yredelemnul.
             Slain by Maggie (17 damage)
             ... on level 6 of the Dungeon.
             The game lasted 00:07:50 (3793 turns).

rocketpapaya the Cleaver (Hill Orc Fighter)         Turns: 3793, Time: 00:07:50

Health: -4/57      AC: 11    Str: 19    XL:     7   Next: 58%
Magic:  4/7        EV:  9    Int:  8    God:    Yredelemnul [......]
Gold:   192        SH:  4    Dex: 12    Spells: 6/6 levels left

rFire   . . .      SeeInvis .   a - +0 war axe
rCold   . . .      Faith    .   c - +0 buckler
rNeg    . . .      Spirit   .   g - +0 plate armour
rPois   .          Reflect  .   (no helmet)
rElec   .          Harm     .   (no cloak)
rCorr   .          Rampage  .   (no gloves)
Will    .....                   (no boots)
Stlth   ..........              (no amulet)
HPRegen 0.19/turn               l - +4 ring of evasion
MPRegen 0.10/turn               (no ring)

@: mighty, mesmerised
A: no striking features
a: Renounce Religion, Recall Undead Harvest


You were on level 6 of the Dungeon.
You worshipped Yredelemnul.
Yredelemnul was noncommittal.
You visited 2 branches of the dungeon, and saw 7 of its levels.

You collected 192 gold pieces.

Inventory:

Hand Weapons
 a - a +0 war axe (weapon)
Armour
 c - a +0 buckler (worn)
 g - a +0 plate armour (worn)
Jewellery
 l - a +4 ring of evasion (left hand)
Wands
 v - a wand of digging (6)
 w - a wand of iceblast (9)
Scrolls
 e - a scroll of silence {unknown}
 f - 7 scrolls of identify {unknown}
 i - a scroll of fog {unknown}
 j - a scroll of teleportation {unknown}
 o - a scroll of immolation {unknown}
 q - a scroll of vulnerability {unknown}
 r - 2 scrolls of summoning {unknown}
 s - a scroll of enchant weapon {unknown}
 u - 2 scrolls of noise {unknown}
Potions
 b - a potion of heal wounds {unknown}
 h - 3 potions of curing {unknown}
 k - 2 potions of attraction {unknown}
 n - a potion of magic {unknown}
 p - a potion of haste {unknown}
 t - 2 potions of ambrosia {unknown}


   Skills:
 - Level 3.6 Fighting
 + Level 10.8 Axes
 - Level 3.2 Armour
 - Level 3.2 Shields


You had 6 spell levels left.
You didn't know any spells.
Your spell library contained the following spells:

 Spells                   Type           Power      Damage    Failure   Level
 Blink                    Tloc           0%         N/A       100%        2
 Lesser Beckoning         Tloc           0%         N/A       100%        3
 Manifold Assault         Tloc           0%         N/A       100%        5


Dungeon Overview and Level Annotations

Branches:
Dungeon (6/15)             Temple (1/1) D:4

Altars:
Cheibriados
Elyvilon
Makhleb
Trog
Xom
Yredelemnul

Annotations:
D:6 Maggie


Message History

The centaur shoots an arrow.
The arrow hits you.
The centaur unwields a +0 shortbow.
The centaur hits you. The centaur completely misses you.
You block the centaur's attack. x2
The centaur hits you but does no damage.
The centaur closely misses you.
There is an open door here.
The centaur wields a +0 shortbow.
The centaur shoots an arrow.
The arrow hits you.
Okay, then.
Found 11 gold pieces.
The centaur shoots an arrow.
The arrow closely misses you.
The centaur shoots an arrow.
The arrow hits you.
Maggie gestures wildly while chanting.
Maggie attempts to bespell you!
You are mesmerised by Maggie!
There is an open door here.
The centaur shoots an arrow.
The arrow hits you!
Which direction?
As you close the door, it creaks loudly!
Maggie barely misses you.
Aiming: Corrosive Bolt
Press: ? - help, Shift-Dir - straight line, f - Maggie
Aim: Maggie, wielding a +0 morningstar and wearing +0 steam dragon scales (mesmerising, 71% to hit)
The bolt of acid misses Maggie.
The bolt of acid hits the centaur!
The acid corrodes the centaur!
The centaur is moderately wounded.
The now-empty wand crumbles to dust.
Maggie gestures wildly while chanting.
Maggie draws you further into her thrall.
You barely miss Maggie.
Maggie casts a spell.
Maggie draws you further into her thrall.
You hit Maggie but do no damage. Maggie hits you with a +0 morningstar.
You hit Maggie.
Maggie is lightly wounded.
Maggie hits you with a +0 morningstar!
* * * LOW HITPOINT WARNING * * *
You feel very mighty all of a sudden. Maggie hits you with a +0 morningstar!
You die...
Your body rises from the dead as a mindless zombie.

..#..........#
..#$.........#
.......#.....#
.......#.....####
....... .........
....... .....#
.......###....##
.......+@@c....#
.......###.....#
....... #.....# #
.......
#.....#######.#.
.......
#...............
.......
#...............
.......
#....<..........
#######
#...............
#...............


You could see Maggie (mesmerising) and a centaur (corroded).

Vanquished Creatures
  A phantom (D:5)
  3 bullfrog zombies (D:5)
  A hound (D:4)
  4 iguanas
  2 orc wizards
  A killer bee zombie (D:4)
  A hound skeleton (D:4)
  5 adders
  A shadow imp (D:4)
  An ufetubus (D:5)
  An adder skeleton (D:4)
  2 dart slugs
  7 orcs
  6 endoplasms
  6 giant cockroaches
  8 goblins
  8 hobgoblins
  3 jackals (D:1)
  5 kobolds
  9 quokkas
  12 ball pythons
  2 bats
  8 frilled lizards
  A quokka skeleton (D:4)
  6 rats
104 creatures vanquished.

Vanquished Creatures (collateral kills)
  An ogre (D:5)
  A bullfrog skeleton (D:5)
  An adder (D:5)
3 creatures vanquished.

Grand Total: 107 creatures vanquished

Notes
Turn   | Place    | Note
-------+----------+-------------------------------------------
     0 | D:1      | rocketpapaya the Hill Orc Fighter began the quest for the
                  | Orb.
     0 | D:1      | Reached XP level 1. HP: 19/19 MP: 1/1
    79 | D:1      | Reached skill level 3 in Axes
   232 | D:1      | Reached XP level 2. HP: 26/26 MP: 2/2
   305 | D:1      | Reached skill level 4 in Axes
   443 | D:1      | Reached XP level 3. HP: 31/31 MP: 3/3
   652 | D:1      | Reached skill level 5 in Axes
  1054 | D:2      | Reached XP level 4. HP: 39/39 MP: 4/4
  1533 | D:3      | Reached skill level 6 in Axes
  2282 | D:4      | Reached XP level 5. HP: 43/45 MP: 5/5
  2293 | D:4      | Reached skill level 7 in Axes
  2468 | D:4      | Found a staircase to the Ecumenical Temple.
  2487 | D:5      | Entered Level 5 of the Dungeon
  2511 | Temple   | Entered the Ecumenical Temple
  2572 | Temple   | Became a worshipper of Yredelemnul the Dark
  2765 | D:4      | Reached * piety under Yredelemnul
  2766 | D:4      | Reached skill level 8 in Axes
  2766 | D:4      | Reached XP level 6. HP: 51/51 MP: 6/6
  3245 | D:5      | Reached skill level 9 in Axes
  3248 | D:5      | Reached XP level 7. HP: 28/57 MP: 7/7
  3438 | D:5      | Reached ** piety under Yredelemnul
  3439 | D:5      | Reached skill level 10 in Axes
  3550 | D:5      | Reached *** piety under Yredelemnul
  3781 | D:6      | Noticed Maggie
  3793 | D:6      | Slain by Maggie

Illustrated notes

Levels and vault maps discovered:
D:1:      minmay_arrival_wavy_path, layout_basic
D:2:      layout_loops_ring, kennysheep_generic_room_4
D:3:      layout_loops_ring, small_statue_intersection
D:4:      layout_cave_pools, minmay_temple_entry_arrows, minmay_misc_feat_rows
D:5:      layout_rooms
D:6:      layout_basic, corexii_shack, hangedman_minor_gate_pass, uniq_menkaure,
          uniq_maggie
Temple:   roderic_octagonal_lattice_temple

Skill      XL: |  1  2  3  4  5  6  7 |
---------------+----------------------+-----
Axes           | 3 4 5 6 8 9 10 | 10.8
Fighting       | |  3.6
Armour         | |  3.2
Shields        | |  3.2

Action                   |  1- 3 |  4- 6 |  7- 9 || total
-------------------------+-------+-------+-------++-------
Melee: War axe           |    94 |   144 |    26 ||   264
Invok: Recall Undead Har |       |       |     2 ||     2
       Dark Bargain      |       |       |     1 ||     1
Evoke: Wand              |       |       |     1 ||     1
  Use: Potion            |       |       |     1 ||     1
 Stab: Distracted        |       |     1 |     1 ||     2
Armor: Scale mail        |    28 |       |       ||    28
       Plate armour      |    17 |    79 |     9 ||   105
Dodge: Dodged            |    40 |    50 |    12 ||   102
Block: Buckler           |    19 |    24 |     5 ||    48

Table legend: (Time is in decaauts)
 A = Elapsed time spent in this place.
 B = Non-inter-level travel time spent in this place.
 C = Inter-level travel time spent in this place.
 D = Time resting spent in this place.
 E = Time spent auto-exploring this place.
 F = Levels seen in this place.
 G = Mean time per level.
                   A        B        C        D        E       F      G
               +--------+--------+--------+--------+--------+-----+--------+
         Total |   3843 |   3685 |    158 |    142 |   2825 |   7 |  549.0 |
       Dungeon |   3766 |   3624 |    142 |    142 |   2776 |   6 |  627.7 |
        Temple |     77 |     61 |     16 |      0 |     49 |   1 |   77.0 |
               +--------+--------+--------+--------+--------+-----+--------+

Top non-repeatable levels by time:
     D:1: 792 daAuts
     D:5: 771 daAuts
     D:2: 738 daAuts
     D:4: 709 daAuts
     D:3: 709 daAuts
  Temple: 77 daAuts
     D:6: 45 daAuts
